 Dungeon Crawl Stone Soup version 0.16-a0-129-gbf5829b (webtiles) character file.

62 Ololoev the Cudgeler (level 4, 0/44 HPs)
             Began as an Ogre Gladiator on Aug 13, 2014.
             Succumbed to an adder's poison
             ... on Level 2 of the Dungeon.
             The game lasted 00:03:00 (1800 turns).

Ololoev the Cudgeler (Ogre Gladiator)               Turns: 1800, Time: 00:03:00

HP   0/44        AC  3     Str 21      XL: 4   Next:  8%
MP   4/4         EV 10     Int  7      God:
Gold 70          SH  0     Dex  8      Spells:  0 memorised,  3 levels left

rFire  . . .     SeeInvis .     a - +0 flail
rCold  . . .     Clarity  .     b - +0 animal skin
rNeg   . . .     rCorr    .     (shield restricted)
rPois  .         rRot     .     c - +0 hat
rElec  .         Spirit   .     (no cloak)
SustAb .         Warding  .     (gloves unavailable)
rMut   .         Stasis   .     (boots unavailable)
Gourm  .                        (no amulet)
MR     .....                    (no ring)
                                (no ring)

@: lethally poisoned, not resistant to hostile enchantments, very unstealthy
A: unfitting armour, talons 1, blurry vision 1, clumsy 1, deterioration 1, tough
skin 1
a: no special abilities


You were on level 2 of the Dungeon.
You were not hungry.

You visited 1 branch of the dungeon, and saw 2 of its levels.

You collected 70 gold pieces.

Inventory:

Hand weapons
 a - a +0 flail (weapon)
Missiles
 d - a throwing net (quivered)
Armour
 b - a +0 animal skin (worn)
 c - a +0 hat (worn)
Comestibles
 f - 3 meat rations
 m - 4 fruits
Scrolls
 e - a scroll of enchant weapon {unknown}
 g - a scroll of recharging {unknown}
 h - 3 scrolls of identify {unknown}
 k - a scroll of fear {unknown}
 l - a scroll of blinking {unknown}


   Skills:
 - Level 2.6 Fighting
 * Level 6.4 Maces & Flails
 - Level 2.1 Throwing
 - Level 2.6 Dodging


You had 3 spell levels left.
You didn't know any spells.

Dungeon Overview and Level Annotations

Branches:
Dungeon (2/15)

Altars:


Innate Abilities, Weirdness & Mutations

You are too large for most types of armour.
You have tough skin (AC +1).
You have sharp toenails.
Your vision is a little blurry.
You are clumsy. (Dex -2)
Your body is slowly deteriorating.


Message History

The adder is heavily wounded.
* * * LOW HITPOINT WARNING * * *
You feel sick. The adder bites you.
* * * LOW HITPOINT WARNING * * *
You are more poisoned.
The adder poisons you!
Drink which item? (? for menu, Esc to quit)
You feel extremely strange.
Your vision blurs.
You feel yourself wasting away.
Your toenails lengthen and sharpen.
It was a potion of mutation.
* * * LOW HITPOINT WARNING * * *
You feel sick. The adder bites you.
* * * LOW HITPOINT WARNING * * *
You are more poisoned.
The adder poisons you!
Drink which item? (? for menu, Esc to quit)
You feel extremely strange.
You feel clumsy.
You die...

.. #.#.# #..............#
.##.#+####..............#
..#.....................#
#.#.....................#
#.#........###..........#
#.#........###..........#
#.......................#
##.##.########..........#
#.##.##(....S@......####
#.##.##.............#
#.##.##[............#
#.##.##.(...........#
#.##.##.............#
#..#.. .............#
##.#.# ............ ...#
.......... ....


You could see an adder.

Vanquished Creatures
  3 adders (D:2)
  A giant mite (D:2)
  2 giant geckos
  6 bats
  5 hobgoblins (D:1)
  A ball python (D:2)
  2 giant newts
  4 goblins
  2 kobolds
  4 rats (D:1)
30 creatures vanquished.

Notes
Turn   | Place    | Note
--------------------------------------------------------------
     0 | D:1      | Ololoev, the Ogre Gladiator, began the quest for the Orb.
     0 | D:1      | Reached XP level 1. HP: 22/22 MP: 1/1
   489 | D:1      | Reached XP level 2. HP: 22/29 MP: 2/2
  1008 | D:1      | Reached skill level 5 in Maces & Flails
  1309 | D:2      | Reached XP level 3. HP: 36/36 MP: 3/3
  1560 | D:2      | Reached skill level 6 in Maces & Flails
  1596 | D:2      | Reached XP level 4. HP: 28/44 MP: 4/4
  1799 | D:2      | Gained mutation: Your vision is a little blurry. [potion of mutation]
  1799 | D:2      | Gained mutation: Your body is slowly deteriorating. [potion of mutation]
  1799 | D:2      | Gained mutation: You have sharp toenails. [potion of mutation]
  1799 | D:2      | HP: 2/44 [adder (2)]
  1800 | D:2      | Gained mutation: You are clumsy. (Dex -2) [potion of mutation]
  1800 | D:2      | Succumbed to an adder's poison

Action                   |  1- 3 |  4- 6 || total
-------------------------+-------+-------++-------
Melee: Flail             |   110 |    22 ||   132
Throw: Throwing net      |     2 |     2 ||     4
  Use: Potion            |       |     2 ||     2
 Stab: Held in net/web   |     2 |       ||     2
       Sleeping          |     1 |       ||     1
  Eat: Chunk             |     2 |     1 ||     3
